 Dungeon Crawl Stone Soup version 0.30-a0-860-g512cf1e979 (webtiles) character file.

Game seed: 7793780878548746910

71 qeuew the Trooper (level 4, -1/35 HPs)
             Began as a Demonspawn Chaos Knight on Mar 7, 2023.
             Was a Plaything of Xom.
             Slain by a steam dragon (10 damage)
             ... summoned by Xom
             ... on level 6 of the Dungeon.
             The game lasted 00:02:29 (1615 turns).

qeuew the Trooper (Demonspawn Chaos Knight)         Turns: 1615, Time: 00:02:29

Health: -1/35      AC:  5    Str: 11 (12) XL:     4   Next: 5%
Magic:  5/5        EV: 11    Int: 16      God:    Xom [......]
Gold:   85         SH:  0    Dex: 14      Spells: 3/4 levels left

rFire   . . .      SeeInvis .    a - +1 falchion (chaos)
rCold   . . .      Faith    .    (no shield)
rNeg    . . .      Spirit   .    b - +2 leather armour
rPois   .          Reflect  .    (no helmet)
rElec   .          Rampage  .    (no cloak)
rCorr   .                        (no gloves)
Will    .....                    (no boots)
Stlth   +                        j - amulet of the acrobat
HPRegen 0.25/turn                (no ring)
MPRegen 0.09/turn                (no ring)

@: about to teleport
A: big brain 1, demonic touch 1
a: Renounce Religion


You were on level 6 of the Dungeon.
You worshipped Xom.
You were a very special plaything of Xom.
You visited 1 branch of the dungeon, and saw 4 of its levels.

You collected 85 gold pieces.

Inventory:

Hand Weapons
 a - a +1 falchion of chaos (weapon)
Armour
 b - a +2 leather armour (worn)
Jewellery
 j - an amulet of the acrobat (around neck)
Scrolls
 f - a scroll of teleportation
 g - 2 scrolls of amnesia
Potions
 d - 3 potions of haste
 e - a potion of lignification {unknown}
Miscellaneous
 c - a piece from Xom's chessboard (15/15)


   Skills:
 + Level 3.2 Fighting
 * Level 3.1 Long Blades
 * Level 2.5 Armour
 + Level 1.5 Dodging
 + Level 0.7 Spellcasting
 + Level 0.4 Conjurations
 + Level 1.0 Evocations


You had 3 spell levels left.
You knew the following spells:

 Your Spells              Type           Power      Damage    Failure   Level
a - Magic Dart            Conj           4%         1d3       26%         1

Your spell library contained the following spells:

 Spells                   Type           Power      Damage    Failure   Level
 Call Imp                 Summ           0%         N/A       43%         2
 Mephitic Cloud           Conj/Pois/Air  0%         N/A       65%         3
 Call Canine Familiar     Summ           0%         N/A       67%         3
 Portal Projectile        Hex/Tloc       0%         N/A       67%         3
 Leda's Liquefaction      Hex/Erth       0%         N/A       97%         4


Dungeon Overview and Level Annotations

Branches:
Dungeon (3/15)

Altars:


Innate Abilities, Weirdness & Mutations

You have an unusually large brain. (Int +2)
Your touch may inflict minor irresistible damage on your foes.


Message History

A hound is nearby!
The hound barks!
The hound misses you.
You hit the hound.
The hound is lightly wounded. "Let's see if it's strong enough to survive yet."
The hound bites you. The hound bites you but does no damage.
You miss the hound.
The hound is lightly wounded.
The hound bites you but does no damage. The ufetubus hits you. x2
The centaur misses you.
The centaur kicks you but does no damage.
The hound bites you.
You hit the hound.
The hound is poisoned.
The hound is moderately wounded.
The ufetubus hits you but does no damage.
The ufetubus hits you. The centaur hits you. The centaur barely misses you.
The hound bites you but does no damage.
The ufetubus hits you but does no damage.
The ufetubus barely misses you.
The centaur hits you but does no damage.
The centaur barely misses you. The steam dragon breathes steam at you.
The ball of steam misses you. The hound bites you but does no damage.
Okay, then.
The hound attacks as you move away! The hound bites you.
You hear the slow hiss of a distant avalanche of sand.
The steam dragon misses you. The steam dragon completely misses you.
The ufetubus is engulfed in a cloud of scalding steam.
The ufetubus misses you. The ufetubus closely misses you.
As you read the scroll of teleportation, it crumbles to dust.
You feel strangely unstable.
You are engulfed in a cloud of scalding steam.
The ufetubus hits you but does no damage. x2
The steam dragon closely misses you. The steam dragon claws you.
* * * LOW HITPOINT WARNING * * *
Unknown command.
The steam dragon attacks as you move away!
The steam dragon bites you!
You die...

#.# #.# #.# #.#
#####.####### #...........#
#.......ยง...#
#......c(...# #.....@5h...#
######......D....#
.................#
######..........$#
........##########
...#####)# #######
....####)########.....####.
......).........'..........
..#.####.########.....#####


You could see a steam dragon (summoned, catching breath), a centaur (summoned),
a hound (very poisoned) and an ufetubus (summoned).

Vanquished Creatures
  2 adders (D:2)
  2 dart slugs (D:2)
  8 orcs
  2 bats (D:1)
  3 endoplasms
  2 goblins (D:1)
  6 hobgoblins
  6 kobolds
  2 ball pythons (D:1)
  4 frilled lizards
  4 rats (D:1)
41 creatures vanquished.

Notes
Turn   | Place    | Note
-------+----------+-------------------------------------------
     0 | D:1      | qeuew the Demonspawn Chaos Knight began the quest for the
                  | Orb.
     0 | D:1      | Reached XP level 1. HP: 18/18 MP: 1/1
    70 | D:1      | XOM: potion effect (haste)
    82 | D:1      | Reached skill level 1 in Dodging
   128 | D:1      | XOM: 4-stop teleportation journey
   147 | D:1      | Gained mutation: You have an unusually large brain. (Int
                  | +2) [demonic ancestry]
   147 | D:1      | Reached XP level 2. HP: 24/24 MP: 2/2
   200 | D:1      | XOM: silly message
   468 | D:1      | XOM: stat loss: -1 Dex (11/12)
   753 | D:2      | Learned a level 1 spell: Magic Dart
   826 | D:2      | Gained mutation: Your touch may inflict minor irresistible
                  | damage on your foes. [demonic ancestry]
   826 | D:2      | Reached XP level 3. HP: 29/29 MP: 0/3
  1549 | D:3      | XOM: stat loss: -1 Str (11/12)
  1565 | D:3      | You fall into a shaft and drop 3 floors!
  1586 | D:6      | Reached skill level 1 in Evocations
  1586 | D:6      | Reached XP level 4. HP: 32/35 MP: 5/5
  1610 | D:6      | XOM: summons 3 hostile shadow creatures
  1611 | D:6      | Noticed a centaur
  1611 | D:6      | Noticed a steam dragon
  1615 | D:6      | Slain by a steam dragon

Illustrated notes

Levels and vault maps discovered:
D:1:      dpeg_arrival_rooms_with_view, layout_rooms, serial_forest,
          infiniplex_forest_clump_large, infiniplex_forest_straight_2,
          infiniplex_forest_corner_2, infiniplex_forest_lined_room_2,
          infiniplex_forest_clump_curved, infiniplex_forest_end_2,
          infiniplex_forest_lined_3, infiniplex_forest_clump_small,
          kennysheep_another_room, grunt_decor_cap
D:2:      layout_loops_cross
D:3:      layout_loops_ring, minmay_overflow_temple_star_hex
D:6:      layout_basic, nicolae_ossuary_entry_plus

Skill      XL: |  1  2  3 |
---------------+----------+-----
Armour         | 2 |  2.5
Dodging        | 1 |  1.5
Long Blades    | 3 |  3.1
Evocations     | 1 |  1.0
Fighting       | |  3.2
Spellcasting   | |  0.7
Conjurations   | |  0.4

Action                     |  1- 3 |  4- 6 || total
---------------------------+-------+-------++-------
  Melee: Falchion          |   103 |     4 ||   107
         Touch             |     4 |       ||     4
   Cast: Magic Dart        |    11 |       ||    11
    Use: Scroll            |     8 |     1 ||     9
         Potion            |     2 |       ||     2
   Stab: Sleeping          |     1 |       ||     1
 Armour: Leather armour    |    48 |    10 ||    58
  Dodge: Dodged            |    63 |    11 ||    74

Table legend: (Time is in decaauts)
 A = Elapsed time spent in this place.
 B = Non-inter-level travel time spent in this place.
 C = Inter-level travel time spent in this place.
 D = Time resting spent in this place.
 E = Time spent auto-exploring this place.
 F = Levels seen in this place.
 G = Mean time per level.
                   A        B        C        D        E       F      G
               +--------+--------+--------+--------+--------+-----+--------+
         Total |   1611 |   1536 |     75 |      0 |   1249 |   4 |  402.8 |
       Dungeon |   1611 |   1536 |     75 |      0 |   1249 |   4 |  402.8 |
               +--------+--------+--------+--------+--------+-----+--------+

Top non-repeatable levels by time:
     D:2: 882 daAuts
     D:1: 611 daAuts
     D:3: 65 daAuts
     D:6: 51 daAuts
